| TOP OF THE 1ST |
|
St. Cloud Rox batting - Pitching for Huron Cubs : LHP Oliver Bell
|
|
Pitching: LHP Oliver Bell
|
|
|
Batting: LHB Doran Perdue
|
0-0: Swinging Strike 0-1: Foul Ball, location: 2F 0-2: Ball 1-2: Strikes out swinging
|
|
Batting: LHB Tim Flannery
|
0-0: Ball 1-0: Reached on error, E4 (Groundball, 34D, EV 87.5 MPH)
|
|
Batting: SHB R J Reynolds
|
0-0: Ball 1-0: Ball 2-0: Fly out, F7 (Flyball, 7LS, EV 76.3 MPH)
|
|
Batting: RHB Bill Worden
|
0-0: Ball 1-0: Called Strike 1-1: Fly out, F8 (Flyball, 8RD, EV 98.8 MPH)
|
| Top of the 1st over - 0 runs, 0 hits, 1 error, 1 left on base; St. Cloud 0 - Huron 0 |
| BOTTOM OF THE 1ST |
|
Huron Cubs batting - Pitching for St. Cloud Rox : RHP Lawrence Crews
|
|
Pitching: RHP Lawrence Crews
|
|
|
Batting: LHB Gary Varsho
|
0-0: Called Strike 0-1: Foul Ball, location: 2F 0-2: SINGLE (Groundball, 4MD, EV 97.5 MPH) (infield hit)
|
|
Batting: RHB Greg Zunino
|
0-0: Ball 1-0: Ball 2-0: Called Strike 2-1: Called Strike 2-2: Ball 3-2: Reached on error, E1 (Groundball, 25, EV 71.9 MPH) Gary Varsho to third
|
|
Batting: RHB Mark Carreon
|
0-0: Ball 1-0: SINGLE (Line Drive, 6MD, EV 98.8 MPH) Gary Varsho scores Greg Zunino to third
|
|
Batting: RHB John Alvarez
|
0-0: Ball 1-0: Grounds into double play, 4-6-3 (Groundball, 34, EV 91.9 MPH) Greg Zunino scores
|
|
Batting: LHB Willis Gonzalez
|
0-0: Called Strike 0-1: Foul Ball, location: 2F 0-2: Ground out 6-3 (Groundball, 6, EV 91.9 MPH)
|
| Bottom of the 1st over - 2 runs, 2 hits, 1 error, 0 left on base; St. Cloud 0 - Huron 2 |
| TOP OF THE 2ND |
|
St. Cloud Rox batting - Pitching for Huron Cubs : LHP Oliver Bell
|
|
Batting: LHB Curtis Morgan
|
0-0: Foul Ball, location: 2F 0-1: SINGLE (Line Drive, 9, EV 96.9 MPH)
|
|
Batting: RHB Domingos Maravilhas
|
0-0: Ball Passed Ball! Curtis Morgan to second 1-0: Called Strike 1-1: Foul Ball, location: 2F 1-2: SINGLE (Groundball, 6MD, EV 103.8 MPH) Curtis Morgan to third Runner from 3rd tries for Home, SAFE, throw by CF to home
|
|
Batting: RHB Dennis Sherrill
|
0-0: Ball 1-0: Fly out, F7 (Flyball, 7D, EV 85.6 MPH)
|
|
Batting: RHB Rich Velasquez
|
0-0: Foul Ball, location: 2F 0-1: Foul Ball, location: 2F 0-2: Strikes out swinging
|
|
Batting: SHB Manny Galvez
|
0-0: Ground out 5-3 (Groundball, 56S, EV 74.4 MPH)
|
| Top of the 2nd over - 1 run, 2 hits, 0 errors, 1 left on base; St. Cloud 1 - Huron 2 |
| BOTTOM OF THE 2ND |
|
Huron Cubs batting - Pitching for St. Cloud Rox : RHP Lawrence Crews
|
|
Batting: RHB Mike Stellern
|
0-0: Called Strike 0-1: Foul Ball, location: 2F 0-2: Ball 1-2: Strikes out swinging
|
|
Batting: LHB Rob Nelson
|
0-0: Ball 1-0: Called Strike 1-1: Fly out, F9 (Flyball, 9, EV 86.9 MPH)
|
|
Batting: SHB Keith Smith
|
0-0: Ball 1-0: Called Strike 1-1: Ball 2-1: SINGLE (Flyball, 4MD, EV 81.3 MPH)
|
|
Batting: RHB Phillip Wilson
|
0-0: Ball 1-0: Called Strike 1-1: Ground out 4-3 (Groundball, 4, EV 96.3 MPH)
|
| Bottom of the 2nd over - 0 runs, 1 hit, 0 errors, 1 left on base; St. Cloud 1 - Huron 2 |
| TOP OF THE 3RD |
|
St. Cloud Rox batting - Pitching for Huron Cubs : LHP Oliver Bell
|
|
Batting: LHB Doran Perdue
|
0-0: Ball 1-0: Ball 2-0: Ball 3-0: Called Strike 3-1: Base on Balls
|
|
Batting: LHB Tim Flannery
|
0-0: Called Strike 0-1: Called Strike 0-2: Ball 1-2: Fly out, F8 (Flyball, 8RM, EV 95.0 MPH)
|
|
Batting: SHB R J Reynolds
|
0-0: Ball 1-0: Called Strike 1-1: Ball 2-1: Fly out, F8 (Line Drive, 8RD, EV 96.9 MPH)
|
|
Batting: RHB Bill Worden
|
0-0: Called Strike 0-1: Ball 1-1: Foul Ball, location: 2F 1-2: Strikes out looking
|
| Top of the 3rd over - 0 runs, 0 hits, 0 errors, 1 left on base; St. Cloud 1 - Huron 2 |
| BOTTOM OF THE 3RD |
|
Huron Cubs batting - Pitching for St. Cloud Rox : RHP Lawrence Crews
|
|
Batting: LHB Gary Varsho
|
0-0: Ball 1-0: Ball 2-0: Foul Ball, location: 2F 2-1: Foul Ball, location: 2F 2-2: Foul Ball, location: 2F 2-2: Fly out, F9 (Line Drive, 9, EV 91.3 MPH)
|
|
Batting: RHB Greg Zunino
|
0-0: Called Strike 0-1: Ball 1-1: Foul Ball, location: 2F 1-2: Foul Ball, location: 2F 1-2: Foul Ball, location: 2F 1-2: Ball 2-2: Ball 3-2: Ground out U3 (Groundball, 34, EV 87.5 MPH)
|
|
Batting: RHB Mark Carreon
|
0-0: Swinging Strike 0-1: Ball 1-1: Swinging Strike 1-2: SINGLE (Groundball, 4S, EV 69.4 MPH) (infield hit)
|
|
Batting: RHB John Alvarez
|
0-0: Ball Pickoff Throw to First - Error! E1 Mark Carreon to second 1-0: Ground out 4-3 (Groundball, 34, EV 86.3 MPH)
|
| Bottom of the 3rd over - 0 runs, 1 hit, 1 error, 1 left on base; St. Cloud 1 - Huron 2 |
| TOP OF THE 4TH |
|
St. Cloud Rox batting - Pitching for Huron Cubs : LHP Oliver Bell
|
|
Batting: LHB Curtis Morgan
|
0-0: Called Strike 0-1: Swinging Strike 0-2: Foul Ball, location: 2F 0-2: Ball 1-2: SINGLE (Line Drive, 7S, EV 100.6 MPH)
|
|
Batting: RHB Domingos Maravilhas
|
0-0: Called Strike 0-1: Ball 1-1: SINGLE (Line Drive, 89S, EV 95.0 MPH) Curtis Morgan to second Runner from 2nd tries for 3rd, SAFE, no throw by CF
|
|
Batting: RHB Dennis Sherrill
|
0-0: Ground out 5-3 (Groundball, 56S, EV 79.4 MPH) Domingos Maravilhas to second
|
|
Batting: RHB Rich Velasquez
|
0-0: Fly out, F8 (Flyball, 8RM, EV 84.4 MPH) Runner from 3rd tags up, SCORES, throw by CF
|
|
Batting: SHB Manny Galvez
|
0-0: Foul Ball, location: 2F 0-1: Foul Ball, location: 2F 0-2: Strikes out swinging
|
| Top of the 4th over - 1 run, 2 hits, 0 errors, 1 left on base; St. Cloud 2 - Huron 2 |
| BOTTOM OF THE 4TH |
|
Huron Cubs batting - Pitching for St. Cloud Rox : RHP Lawrence Crews
|
|
Batting: LHB Willis Gonzalez
|
0-0: Foul Ball, location: 2F 0-1: Foul Ball, location: 2F 0-2: Ball 1-2: Ball 2-2: Ball 3-2: Foul Ball, location: 2F 3-2: Foul Ball, location: 2F 3-2: SINGLE (Flyball, 9LS, EV 98.1 MPH)
|
|
Batting: RHB Mike Stellern
|
0-0: Foul Ball, location: 2F 0-1: Ball 1-1: Ball 2-1: Ball 3-1: SINGLE (Flyball, 5D, EV 86.9 MPH) Willis Gonzalez to second
|
|
Batting: LHB Rob Nelson
|
0-0: Ball 1-0: Ball 2-0: Foul Ball, location: 2F 2-1: Ball Wild Pitch! Willis Gonzalez to third Mike Stellern to second 3-1: Foul Ball, location: 2F 3-2: Ground out 4-3 (Groundball, 4, EV 99.4 MPH)
|
|
Batting: SHB Keith Smith
|
0-0: Ball 1-0: Foul Ball, location: 2F 1-1: Ground out U3 (Groundball, 34S, EV 65.6 MPH)
|
|
Batting: RHB Phillip Wilson
|
0-0: Called Strike 0-1: Fly out, F9 (Flyball, 9S, EV 88.8 MPH)
|
| Bottom of the 4th over - 0 runs, 2 hits, 0 errors, 2 left on base; St. Cloud 2 - Huron 2 |
| TOP OF THE 5TH |
|
St. Cloud Rox batting - Pitching for Huron Cubs : LHP Oliver Bell
|
|
Batting: LHB Doran Perdue
|
0-0: Ball 1-0: Ball 2-0: Ball 3-0: Called Strike 3-1: Ground out 4-3 (Groundball, 4, EV 86.3 MPH)
|
|
Batting: LHB Tim Flannery
|
0-0: Ground out U3 (Groundball, 3S, EV 72.5 MPH)
|
|
Batting: SHB R J Reynolds
|
0-0: Ball 1-0: Swinging Strike 1-1: Called Strike 1-2: Foul Ball, location: 2F 1-2: Foul Ball, location: 2F 1-2: Ball 2-2: Fly out, F5 (Popup, 5SF, EV 75.6 MPH)
|
| Top of the 5th over - 0 runs, 0 hits, 0 errors, 0 left on base; St. Cloud 2 - Huron 2 |
| BOTTOM OF THE 5TH |
|
Huron Cubs batting - Pitching for St. Cloud Rox : RHP Lawrence Crews
|
|
Batting: LHB Gary Varsho
|
0-0: Called Strike 0-1: Swinging Strike 0-2: Strikes out swinging
|
|
Batting: RHB Greg Zunino
|
0-0: SINGLE (Line Drive, 8RS, EV 101.9 MPH)
|
|
Batting: RHB Mark Carreon
|
0-0: Grounds into double play, 5-4-3 (Groundball, 5L, EV 102.5 MPH)
|
| Bottom of the 5th over - 0 runs, 1 hit, 0 errors, 0 left on base; St. Cloud 2 - Huron 2 |
| TOP OF THE 6TH |
|
St. Cloud Rox batting - Pitching for Huron Cubs : LHP Oliver Bell
|
|
Batting: RHB Bill Worden
|
0-0: Called Strike 0-1: Swinging Strike 0-2: Ball 1-2: Strikes out swinging
|
|
Batting: LHB Curtis Morgan
|
0-0: Ball 1-0: Ball 2-0: Ground out U3 (Groundball, 3S, EV 62.5 MPH)
|
|
Batting: RHB Domingos Maravilhas
|
0-0: Ball 1-0: Fly out, F8 (Flyball, 8RXD, EV 103.1 MPH)
|
| Top of the 6th over - 0 runs, 0 hits, 0 errors, 0 left on base; St. Cloud 2 - Huron 2 |
| BOTTOM OF THE 6TH |
|
Huron Cubs batting - Pitching for St. Cloud Rox : RHP Lawrence Crews
|
|
Batting: RHB John Alvarez
|
0-0: Swinging Strike 0-1: Ball 1-1: Foul Ball, location: 2F 1-2: Ground out 4-3 (Groundball, 4, EV 109.4 MPH)
|
|
Batting: LHB Willis Gonzalez
|
0-0: SINGLE (Flyball, 3D, EV 96.9 MPH)
|
|
Batting: RHB Mike Stellern
|
0-0: Called Strike 0-1: Ball 1-1: Ball 2-1: Called Strike 2-2: Grounds into double play, 6-4-3 (Groundball, 6, EV 100.0 MPH)
|
| Bottom of the 6th over - 0 runs, 1 hit, 0 errors, 0 left on base; St. Cloud 2 - Huron 2 |
| TOP OF THE 7TH |
|
St. Cloud Rox batting - Pitching for Huron Cubs : LHP Oliver Bell
|
|
Batting: RHB Dennis Sherrill
|
0-0: Ball 1-0: Foul Ball, location: 2F 1-1: SINGLE (Groundball, 5D, EV 110.6 MPH)
|
|
Batting: RHB Rich Velasquez
|
0-0: Ball 1-0: Foul Ball, location: 2F 1-1: Grounds into double play, 6-4-3 (Groundball, 6, EV 94.4 MPH)
|
|
Batting: SHB Manny Galvez
|
0-0: Called Strike 0-1: Called Strike 0-2: Strikes out looking
|
| Top of the 7th over - 0 runs, 1 hit, 0 errors, 0 left on base; St. Cloud 2 - Huron 2 |
| BOTTOM OF THE 7TH |
|
Huron Cubs batting - Pitching for St. Cloud Rox : RHP Lawrence Crews
|
|
Batting: LHB Rob Nelson
|
0-0: Fly out, F8 (Flyball, 8LXD, EV 100.6 MPH)
|
|
Batting: SHB Keith Smith
|
0-0: Ball 1-0: Called Strike 1-1: Ball 2-1: Ball 3-1: Ground out 4-3 (Groundball, 4, EV 103.8 MPH)
|
|
Batting: RHB Phillip Wilson
|
0-0: Called Strike 0-1: Ball 1-1: Ball 2-1: Ball 3-1: Called Strike 3-2: Foul Ball, location: 2F 3-2: Foul Ball, location: 2F 3-2: Foul Ball, location: 2F 3-2: TRIPLE (Flyball, 89XD, EV 95.0 MPH)
|
|
Pitching: LHP Gibson Alba
|
|
|
Batting: LHB Gary Varsho
|
0-0: Ball 1-0: Swinging Strike 1-1: Ball 2-1: Called Strike 2-2: Ball 3-2: Foul Ball, location: 2F 3-2: Foul Ball, location: 2F 3-2: Base on Balls
|
|
Batting: RHB Greg Zunino
|
0-0: Ball Wild Pitch! Phillip Wilson scores Gary Varsho to second 1-0: Called Strike 1-1: Foul Ball, location: 2F 1-2: Foul Ball, location: 2F 1-2: Ball Wild Pitch! Gary Varsho to third 2-2: Ball 3-2: Base on Balls
|
|
Batting: RHB Mark Carreon
|
0-0: Called Strike 0-1: Swinging Strike 0-2: Ball 1-2: Ball 2-2: Ground out 4-3 (Groundball, 4, EV 85.6 MPH)
|
| Bottom of the 7th over - 1 run, 1 hit, 0 errors, 2 left on base; St. Cloud 2 - Huron 3 |
| TOP OF THE 8TH |
|
St. Cloud Rox batting - Pitching for Huron Cubs : LHP Oliver Bell
|
|
Batting: LHB Doran Perdue
|
0-0: Ball 1-0: Ground out 4-3 (Groundball, 34D, EV 105.6 MPH)
|
|
Batting: LHB Tim Flannery
|
0-0: Called Strike 0-1: Ball 1-1: DOUBLE (Line Drive, 89XD, EV 103.1 MPH)
|
|
Batting: SHB R J Reynolds
|
0-0: SINGLE (Groundball, 4M, EV 85.0 MPH) (infield hit) Tim Flannery to third
|
|
Batting: RHB Bill Worden
|
0-0: Ball 1-0: Ball 2-0: Foul Ball, location: 2F 2-1: Ball 3-1: Called Strike 3-2: Foul Ball, location: 2F 3-2: Strikes out swinging
|
|
Pinch Hitting: RHB Ron Gardenhire
|
0-0: Ball 1-0: Fly out, F7 (Flyball, 7D, EV 108.1 MPH)
|
| Top of the 8th over - 0 runs, 2 hits, 0 errors, 2 left on base; St. Cloud 2 - Huron 3 |
| BOTTOM OF THE 8TH |
|
Huron Cubs batting - Pitching for St. Cloud Rox : LHP Gibson Alba
|
|
Pitching: RHP Adrian Meagher
|
|
|
Now at 1B: Ron Gardenhire
|
|
|
Batting: RHB John Alvarez
|
0-0: Fly out, F9 (Flyball, 9LM, EV 103.1 MPH)
|
|
Batting: LHB Willis Gonzalez
|
0-0: Ball 1-0: Called Strike 1-1: Ground out 1-3 (Groundball, 34S, EV 69.4 MPH)
|
|
Batting: RHB Mike Stellern
|
0-0: Ball 1-0: Called Strike 1-1: Called Strike 1-2: Fly out, F7 (Flyball, 7, EV 86.3 MPH)
|
| Bottom of the 8th over - 0 runs, 0 hits, 0 errors, 0 left on base; St. Cloud 2 - Huron 3 |
| TOP OF THE 9TH |
|
St. Cloud Rox batting - Pitching for Huron Cubs : LHP Oliver Bell
|
|
Pitching: LHP Jose Soto
|
|
|
Now at 2B: Chris Pittaro
|
|
|
Now in RF: Thomas Copeland
|
|
|
Batting: RHB Domingos Maravilhas
|
0-0: Ball 1-0: Foul Ball, location: 2F 1-1: Ball 2-1: Swinging Strike 2-2: Strikes out swinging
|
|
Pinch Hitting: RHB Ron Gooch
|
0-0: Ground out 6-3 (Groundball, 6, EV 89.4 MPH)
|
|
Batting: RHB Rich Velasquez
|
0-0: Ball 1-0: Ball 2-0: Called Strike 2-1: Called Strike 2-2: Foul Ball, location: 2F 2-2: Ground out 6-3 (Groundball, 56, EV 106.3 MPH)
|
| Top of the 9th over - 0 runs, 0 hits, 0 errors, 0 left on base; St. Cloud 2 - Huron 3 |
|